 Dungeon Crawl Stone Soup version 0.28-a0-407-g69098e2f6d (webtiles) character file.

Game seed: 934294336656476433

93611 Armakuni the Demon Slayer (level 16, -6/127 HPs)
             Began as a Human Monk on Sept 5, 2021.
             Was a High Priest of the Shining One.
             Killed from afar by a shock serpent (22 damage)
             ... with a bolt of electricity
             ... on level 1 of the Snake Pit.
             The game lasted 01:10:57 (23381 turns).

Armakuni the Demon Slayer (Human Monk)             Turns: 23381, Time: 01:10:58

Health: -6/127     AC: 25    Str: 22    XL:     16   Next: 57%
Magic:  6/26       EV: 17    Int: 15    God:    the Shining One [*****.]
Gold:   1007       SH: 16    Dex: 23    Spells: 15/15 levels left

rFire   + + .      SeeInvis +   a - +3 dire flail (holy)
rCold   + + +      Faith    .   (shield currently unavailable)
rNeg    + + +      Spirit   .   u - +4 ice dragon scales
rPois   +          Reflect  +   h - +0 helmet of the Rose {rPois rF+ Will+ Regen+}
rElec   .          Harm     .   N - scarf {rC+ rF+}
rCorr   .          Rampage  .   l - +2 pair of gloves
Will    ++...                   I - +0 pair of boots "Rawuerghu" {Fly rN++ SInv}
Stlth   +.........              H - amulet of reflection
HPRegen 1.31/turn               D - ring "Pouxutad" {Str+6 Dex+7}
MPRegen 0.20/turn               B - ring "Veujaer" {+Blink rF+ rC+ Int+2}

@: lethally poisoned (-6 -> -6), divinely shielded, flying, glowing, studying
Conjurations
A: no striking features
a: Renounce Religion, Evoke Blink, Divine Shield, Cleansing Flame, Summon Divine
Warrior


You were on level 1 of the Snake Pit.
You worshipped the Shining One.
The Shining One was extremely pleased with you.
You visited 7 branches of the dungeon, and saw 27 of its levels.

You collected 2597 gold pieces.
You spent 1590 gold pieces at shops.

Inventory:

Hand Weapons
 a - a +3 dire flail of holy wrath (weapon)
 b - the +9 whip of Propriety {speed, rElec Dex+3}
   (You found it on level 4 of the Dungeon)

   Attacks with this weapon are significantly faster.
   Dex:       It affects your dexterity (+3).
   rElec:     It insulates you from electricity.
Missiles
 t - 9 curare-tipped darts (quivered)
 y - 12 boomerangs
 L - 2 throwing nets
Armour
 h - the +0 helmet of the Rose (worn) {rPois rF+ Will+ Regen+}
   (You took it off Robin on level 2 of the Dungeon)

   rF:        It protects you from fire.
   rPois:     It protects you from poison.
   Regen:     It increases your rate of health regeneration.
   Will:      It increases your willpower.
 l - a +2 pair of gloves (worn)
 r - a +1 plate armour of willpower
 u - +4 ice dragon scales (worn)
 I - the +0 pair of boots "Rawuerghu" (worn) {Fly rN++ SInv}
   (You found it on level 6 of the Lair of Beasts)

   rN:        It greatly protects you from negative energy.
   SInv:      It lets you see invisible.
   Fly:       It grants you flight.
 N - a scarf of resistance (worn)
Jewellery
 B - the ring "Veujaer" (right hand) {+Blink rF+ rC+ Int+2}
   (You found it on level 1 of the Snake Pit)

   [ring of protection from fire]

   Int:       It affects your intelligence (+2).
   rF:        It protects you from fire.
   rC:        It protects you from cold.
   +Blink:    It lets you blink.
 D - the ring "Pouxutad" (left hand) {Str+6 Dex+7}
   (You found it on level 11 of the Dungeon)

   [ring of strength]

   Str:       It affects your strength (+6).
   Dex:       It affects your dexterity (+7).
 H - an amulet of reflection (around neck)
Wands
 c - a wand of acid (11)
 k - a wand of digging (5)
 p - a wand of paralysis (2)
 v - a wand of mindburst (43)
 R - a wand of flame (20)
Scrolls
 f - a scroll of silence
 g - 13 scrolls of teleportation
 j - a scroll of brand weapon
 q - 7 scrolls of blinking
 w - a scroll of vulnerability
 z - 5 scrolls of fear
 C - a scroll of holy word
 E - a scroll of magic mapping
 F - 2 scrolls of fog
 G - 2 scrolls of immolation
 J - 2 scrolls of noise
 O - a scroll of enchant armour
 Q - 3 scrolls of identify
Potions
 d - 4 potions of lignification
 e - a potion of cancellation
 i - 2 potions of haste
 m - 5 potions of magic
 n - 6 potions of attraction
 o - 2 potions of brilliance
 s - 12 potions of curing
 x - 2 potions of heal wounds
 A - 3 potions of flight
 K - 2 potions of mutation
 M - a potion of berserk rage


   Skills:
 - Level 12.1 Fighting
 - Level 14.0 Maces & Flails
 + Level 13.7 Armour
 - Level 10.0 Dodging
 - Level 2.0 Stealth
 - Level 4.0 Shields
 - Level 14.1 Invocations


You had 15 spell levels left.
You didn't know any spells.
Your spell library contained the following spells:

 Spells                   Type           Power      Damage    Failure   Level
 Foxfire                  Conj/Fire      0%         2x1d4     54%         1
 Sting                    Tmut/Pois      0%         1d3       54%         1
 Blink                    Tloc           N/A        N/A       67%         2
 Corpse Rot               Necr/Air       N/A        N/A       67%         2
 Poisonous Vapours        Pois/Air       0%         N/A       67%         2
 Conjure Flame            Conj/Fire      0%         6-21      88%         3
 Frozen Ramparts          Ice            0%         1d2       88%         3
 Ignite Poison            Fire/Tmut/Pois 0%         N/A       88%         3
 Inner Flame              Hex/Fire       0%         N/A       88%         3
 Lesser Beckoning         Tloc           0%         N/A       88%         3
 Flame Wave               Conj/Fire      0%         3d3       99%         4
 Ice Form                 Ice/Tmut       0%         N/A       99%         4
 Olgreb's Toxic Radiance  Pois           0%         N/A       99%         4
 Sticky Flame             Conj/Fire      0%         2d3       99%         4
 Summon Ice Beast         Ice/Summ       0%         N/A       99%         4
 Blade Hands              Tmut           0%         N/A       100%        5
 Fireball                 Conj/Fire      0%         3d3       100%        5
 Irradiate                Conj/Tmut      0%         3d13      100%        5
 Manifold Assault         Tloc           0%         N/A       100%        5
 Starburst                Conj/Fire      0%         6d3       100%        6
 Dragon Form              Tmut           0%         N/A       100%        7
 Malign Gateway           Summ/Tloc      0%         N/A       100%        7
 Ozocubu's Refrigeration  Ice            0%         4d5       100%        7
 Ignition                 Fire           0%         3d3       100%        8
 Summon Horrible Things   Summ           0%         N/A       100%        8


Dungeon Overview and Level Annotations

Branches:
Dungeon (15/15)            Temple (1/1) D:5            Lair (6/6) D:8
 Shoals (0/4) Lair:4        Snake (1/4) Lair:2        Slime (0/5) Lair:5
    Orc (2/2) D:9             Elf (0/3) Orc:2        Vaults (0/5) D:14
 Depths (1/5) D:15           Hell (visited)
    Dis: Hell:1         Geh: Hell:1         Coc: Hell:1         Tar: Hell:1

Altars:
Ashenzari
Cheibriados
Dithmenos
Elyvilon
Fedhas
Gozag
Kikubaaqudgha
Makhleb
Nemelex Xobeh
Okawaru
Qazlal
Ru
Sif Muna
Trog
Uskayaw
Vehumet
Wu Jian
Xom
Yredelemnul
Zin
The Shining One
Beogh

Shops:
D:8 =   Orc:2 :[?[[=

Portals:
Hell: Depths:1

Annotations:
D:5 Prince Ribbit
Lair:5 exclusion: oklob plant
Hell Geryon


Message History

You kill the naga!
The golden flame engulfs the shock serpent!!
The shock serpent is heavily wounded.
The golden flame engulfs the naga!!
You kill the naga!
The golden flame engulfs the naga warrior!!
The naga warrior is moderately wounded.
The shock serpent's electric aura discharges, shocking you!
You feel sick.
You hear a shout!
The shock serpent shoots out a bolt of lightning at you!
The bolt of electricity hits you!!
* * * LOW HITPOINT WARNING * * *
The naga warrior hits you from afar with a +0 halberd!
* * * LOW HITPOINT WARNING * * *
Unknown command.
The golden flame engulfs you but does no damage.
You resist.
The golden flame engulfs the shock serpent!
The shock serpent is severely wounded.
The golden flame engulfs the naga warrior!!
The naga warrior is severely wounded.
The shock serpent's electric aura discharges, shocking you!
You feel sick. You block the shock serpent's attack.
The naga warrior roars a battlecry!
The naga goes into a battle-frenzy!
Unknown command.
The golden flame engulfs you but does no damage.
You resist.
The golden flame engulfs the shock serpent!
The shock serpent is almost dead.
The golden flame engulfs the naga but does no damage.
The golden flame engulfs the naga warrior!!
The naga warrior is almost dead.
The shock serpent's electric aura discharges, shocking you!
* * * LOW HITPOINT WARNING * * *
You feel sick.
The shock serpent shoots out a bolt of lightning at you!
The bolt of electricity hits you!!
You die...

...###..##........#
....##..###....#..#
#.......###..###..#
#........#..## #.#
#.######...## #$#
.## ##.## #.## ..#
#.# #)N### ..## #.#
###SN.)# ...### #.#
##.@###.......
#....## #.####..##
#.###..
##..(.###.##..###
.# ###....#.#...##
# .####..####### ##
####


You could see a naga warrior, a shock serpent and a naga (strong).

Vanquished Creatures
  Kirke (D:13)
  An orc warlord (D:9)
  3 ettins
  A fire dragon (Lair:6)
  5 vault guards (D:14)
  10 hydras
  A rakshasa (D:13)
  2 boulder beetles
  A catoblepas (Lair:4)
  4 two-headed ogres
  Erica (Lair:1)
  A centaur warrior (D:15)
  4 orc high priests (Orc:2)
  A naga sharpshooter (Snake:1)
  A sun demon (Depths:1)
  2 deep trolls (D:15)
  A deep elf archer (D:14)
  6 lindwurms
  2 orc knights
  2 wizards (D:15)
  Pikel (D:4)
  3 deep elf pyromancers
  4 orc sorcerers
  A deep elf zephyrmancer (D:15)
  3 manticores
  9 ugly things
  3 cyclopes
  An elephant (Lair:6)
  A guardian serpent (Snake:1)
  8 black mambas
  2 naga magi (Snake:1)
  10 cane toads
  3 molten gargoyles (Lair:6)
  6 gargoyles
  4 centaur skeletons (D:10)
  7 rime drakes
  An efreet (D:15)
  9 komodo dragons
  3 hellwings (D:10)
  2 meliai (D:14)
  10 trolls
  13 polar bears
  A wind drake (shapeshifter) (D:15)
  A wolf spider simulacrum (D:14)
  Grinder (D:4)
  6 slime creatures
  16 blink frogs
  A raiju (shapeshifter) (D:14)
  Sigmund (D:3)
  5 shadows
  A meliai zombie (D:12)
  A wraith (D:6)
  3 vampires
  42 yaks
  Eustachio (D:5)
  4 basilisks
  10 vampire mosquitoes
  6 wyverns
  2 steam dragons
  Menkaure (D:4)
  9 nagas
  3 wargs
  2 acid dragons
  Duvessa (D:4)
  4 hell hounds (Lair:6)
  7 water moccasins
  31 orc warriors
  A sky beast (D:5)
  13 ogres
  7 black bears (Lair:1)
  9 wolves
  5 boggarts (D:15)
  A wolf (shapeshifter) (D:14)
  11 centaurs
  5 phantoms
  A kobold brigand (D:10)
  2 wyvern zombies
  Blork the orc (D:4)
  6 bullfrogs
  A gnoll sergeant (D:11)
  Dowan (D:4)
  4 scorpions
  2 troll zombies (D:9)
  9 killer bees
  8 wights
  A howler monkey (D:7)
  An electric eel (Lair:2)
  6 centaur zombies
  6 lava snakes
  A jelly (D:7)
  A bullfrog zombie (D:6)
  Crazy Yiuf (D:2)
  2 hounds
  31 orc priests
  2 iguanas
  30 orc wizards
  Ijyb (D:4)
  Natasha (D:4)
  6 ogre zombies (D:9)
  Robin (D:2)
  2 howler monkey zombies (D:8)
  11 gnolls
  8 adders
  2 ufetubi
  An adder skeleton (D:4)
  A worm (D:2)
  A dart slug (D:5)
  83 orcs
  9 ball pythons
  6 endoplasms
  10 giant cockroaches
  13 goblins
  12 hobgoblins
  4 jackals (D:1)
  13 kobolds
  6 quokkas
  3 bats
  5 frilled lizards
  A goblin skeleton (D:9)
  2 goblin zombies (D:9)
  A hobgoblin skeleton (D:9)
  3 orc skeletons (D:9)
  18 orc zombies (D:9)
  10 rats
717 creatures vanquished.

Vanquished Creatures (others)
  A human (D:13)
  An orc (Orc:1)
  9 fungi
  15 plants
26 creatures vanquished.

Grand Total: 743 creatures vanquished

Notes
Turn   | Place    | Note
-------+----------+-------------------------------------------
     0 | D:1      | Armakuni the Human Monk began the quest for the Orb.
     0 | D:1      | Reached XP level 1. HP: 18/18 MP: 1/1
   234 | D:1      | Reached XP level 2. HP: 21/24 MP: 2/2
   908 | D:1      | Reached XP level 3. HP: 29/29 MP: 3/3
   912 | D:1      | Found a faded altar of an unknown god.
  1239 | D:1      | You fall into a shaft and drop 1 floor!
  1958 | D:2      | Reached XP level 4. HP: 37/37 MP: 4/4
  2122 | D:3      | Found a blossoming altar of Fedhas.
  2421 | D:2      | Reached XP level 5. HP: 42/42 MP: 5/5
  2436 | D:2      | Found a runed translucent door.
  2437 | D:2      | Noticed Crazy Yiuf
  2845 | D:2      | Identified the +0 helmet of the Rose {rPois rF+ Will+
                  | Regen+}
  2845 | D:2      | Noticed Robin
  2875 | D:2      | Killed Robin
  3004 | D:2      | Killed Crazy Yiuf
  3065 | D:3      | Noticed Sigmund
  3074 | D:3      | Killed Sigmund
  3075 | D:3      | Reached skill level 5 in Fighting
  3075 | D:3      | Reached skill level 5 in Maces & Flails
  3075 | D:3      | Reached XP level 6. HP: 51/51 MP: 6/6
  3327 | D:4      | Noticed Menkaure
  3355 | D:4      | Killed Menkaure
  3356 | D:4      | Reached XP level 7. HP: 57/57 MP: 7/7
  3493 | D:4      | Noticed Pikel
  3494 | D:4      | Noticed Dowan
  3495 | D:4      | Noticed Duvessa
  3597 | D:4      | Killed Pikel
  3598 | D:4      | Reached XP level 8. HP: 67/67 MP: 8/8
  3690 | D:4      | Killed Duvessa
  3722 | D:4      | Killed Dowan
  3743 | D:4      | Noticed Ijyb
  3743 | D:4      | Noticed Blork the orc
  3748 | D:4      | Killed Blork the orc
  3750 | D:4      | Killed Ijyb
  3763 | D:4      | Noticed Natasha
  3773 | D:4      | Killed Natasha
  4014 | D:4      | Noticed Grinder
  4038 | D:4      | Killed Grinder
  4227 | D:4      | Reached XP level 9. HP: 72/72 MP: 9/9
  4257 | D:4      | Identified the +9 whip of Propriety {speed, rElec Dex+3}
  4670 | D:5      | Entered Level 5 of the Dungeon
  4718 | D:5      | Found a snail-covered altar of Cheibriados.
  4720 | D:5      | Noticed Prince Ribbit
  4760 | D:5      | Found an iron altar of Okawaru.
  4892 | D:5      | Noticed Eustachio
  4919 | D:5      | Killed Eustachio
  4920 | D:5      | Reached skill level 1 in Armour
  5011 | D:5      | Found a shimmering altar of Xom.
  5025 | D:5      | Reached skill level 10 in Maces & Flails
  5092 | D:5      | Found a staircase to the Ecumenical Temple.
  5136 | Temple   | Entered the Ecumenical Temple
  5597 | D:6      | Found a burning altar of Makhleb.
  5906 | D:6      | Reached skill level 5 in Dodging
  5906 | D:6      | Reached XP level 10. HP: 67/79 MP: 10/10
  6304 | D:7      | Found a white marble altar of Elyvilon.
  6923 | D:7      | Found a glowing golden altar of the Shining One.
  6930 | D:7      | Became a worshipper of the Shining One
  6930 | D:7      | Reached * piety under the Shining One
  6930 | D:7      | Reached ** piety under the Shining One
  6995 | D:7      | Reached skill level 1 in Invocations
  7252 | D:8      | Found a bloodstained altar of Trog.
  7304 | D:8      | Found Uwkas's Jewellery Boutique.
  7329 | D:8      | Found a staircase to the Lair.
  7379 | D:8      | Identified the +5 quarterstaff of Fen Wug {pain, rF++}
  7955 | D:8      | Identified a scroll of acquirement
  7955 | D:8      | Acquired a manual of Conjurations
  8235 | Lair:1   | Entered Level 1 of the Lair of Beasts
  8416 | Lair:1   | Reached XP level 11. HP: 77/84 MP: 13/13
  8532 | Lair:1   | Reached *** piety under the Shining One
  8994 | Lair:1   | Noticed Erica
  9002 | Lair:1   | Killed Erica
  9243 | Lair:2   | Found a staircase to the Snake Pit.
  9336 | Lair:1   | Reached skill level 5 in Invocations
  9602 | Lair:2   | Reached XP level 12. HP: 86/91 MP: 15/17
 10354 | Lair:3   | Noticed a five-headed hydra
 10363 | Lair:3   | Killed a five-headed hydra
 10525 | Lair:3   | Reached skill level 1 in Shields
 10622 | Lair:3   | Identified the +3 scale mail "Xamyraq" {+Blink rPois rN+
                  | Dex-2}
 10880 | Lair:3   | Noticed a four-headed hydra
 10892 | Lair:3   | Killed a four-headed hydra
 11220 | Lair:4   | Reached skill level 10 in Invocations
 11341 | Lair:4   | Reached XP level 13. HP: 59/98 MP: 19/21
 11507 | Lair:4   | Found a staircase to the Shoals.
 11508 | Lair:4   | Noticed a four-headed hydra
 11520 | Lair:4   | Killed a four-headed hydra
 11638 | Lair:4   | Noticed a catoblepas
 11666 | Lair:4   | Killed a catoblepas
 12108 | Lair:5   | Found a staircase to the Slime Pits.
 12250 | Lair:5   | Noticed a seven-headed hydra
 12261 | Lair:5   | Killed a seven-headed hydra
 12704 | Lair:6   | Entered Level 6 of the Lair of Beasts
 12744 | Lair:6   | Noticed an eight-headed hydra
 12744 | Lair:6   | Reached **** piety under the Shining One
 12759 | Lair:6   | Killed an eight-headed hydra
 12760 | Lair:6   | Reached skill level 10 in Fighting
 13091 | Lair:6   | Noticed a five-headed hydra
 13091 | Lair:6   | Noticed a five-headed hydra
 13107 | Lair:6   | Killed a five-headed hydra
 13119 | Lair:6   | Killed a five-headed hydra
 13238 | Lair:6   | Identified the +0 pair of boots "Rawuerghu" {Fly rN++ SInv}
 13577 | Lair:6   | Reached XP level 14. HP: 100/113 MP: 23/23
 13795 | Lair:6   | Found a large runed translucent door.
 13795 | Lair:6   | Found a large runed translucent door.
 14374 | D:9      | Found a radiant altar of Vehumet.
 14572 | D:9      | Found a stormy altar of Qazlal.
 14711 | D:9      | Found a staircase to the Orcish Mines.
 14711 | D:9      | Reached ***** piety under the Shining One
 15144 | D:9      | Identified the ring "Ydusoph" {rPois rF+ SInv}
 15310 | Orc:1    | Entered Level 1 of the Orcish Mines
 15361 | Orc:1    | Noticed an orc warlord
 15543 | D:9      | Killed an orc warlord
 15826 | Orc:2    | Entered Level 2 of the Orcish Mines
 15839 | Orc:2    | Reached skill level 5 in Armour
 16089 | Orc:2    | Found Fij Vasi's Armour Boutique.
 16154 | Orc:2    | Found Paca's Jewellery Shop.
 16460 | Orc:2    | Reached ****** piety under the Shining One
 16563 | Orc:2    | Found Piewes's Magic Scroll Shop.
 16563 | Orc:2    | Found Viam's Book Boutique.
 16563 | Orc:2    | Found Zuni's Armour Boutique.
 16578 | Orc:2    | Found Renuritz's Armour Shop.
 16724 | Orc:2    | Found a staircase to the Elven Halls.
 16963 | Orc:2    | Bought +1 ice dragon scales for 1072 gold pieces
 16985 | Orc:2    | Identified a +2 dire flail of holy wrath (a +0 dire flail
                  | of freezing blessed by the Shining One)
 16985 | Orc:2    | Received a gift from the Shining One
 16994 | Orc:2    | Bought a scroll of enchant armour for 105 gold pieces
 16997 | Orc:2    | Bought 2 scrolls of blinking for 210 gold pieces
 16997 | Orc:2    | Bought a scroll of blinking for 105 gold pieces
 16997 | Orc:2    | Bought a scroll of fear for 49 gold pieces
 16997 | Orc:2    | Bought a scroll of fear for 49 gold pieces
 17120 | D:10     | Entered Level 10 of the Dungeon
 17607 | D:10     | Found an opulent altar of Gozag.
 17688 | D:10     | Found the +4 Cigotuvi's embrace {rMiasma Drain rN+}
 17697 | D:10     | Reached XP level 15. HP: 111/120 MP: 25/25
 17825 | D:10     | Found a broken altar of Ashenzari.
 18265 | D:11     | Identified the ring "Pouxutad" {Str+6 Dex+7}
 19315 | D:12     | Found an ornate altar of the Wu Jian Council.
 19565 | D:13     | Reached skill level 10 in Dodging
 19774 | D:13     | Found a bloodstained altar of Trog.
 19906 | D:13     | Noticed Kirke
 19939 | D:13     | Noticed a sphinx
 19944 | D:13     | Killed Kirke
 19945 | D:13     | Reached skill level 10 in Armour
 20070 | D:13     | Identified the +4 scale mail of Vabrumig {rN+ Int+2}
 20792 | D:14     | Identified the +4 chain mail "Fifiocs" {rF++}
 21116 | D:14     | Reached XP level 16. HP: 127/127 MP: 23/26
 21233 | D:14     | Found a gate to the Vaults.
 21543 | D:15     | Entered Level 15 of the Dungeon
 21757 | D:15     | Found a staircase to the Depths.
 22665 | Depths:1 | Entered Level 1 of the Depths
 22685 | Depths:1 | Found a gateway to Hell.
 22844 | Hell     | Entered the Vestibule of Hell
 22844 | Hell     | Noticed Geryon
 23096 | Snake:1  | Entered Level 1 of the Snake Pit
 23172 | Snake:1  | Identified the ring "Veujaer" {+Blink rF+ rC+ Int+2}
 23381 | Snake:1  | Killed from afar by a shock serpent

Illustrated notes

Levels and vault maps discovered:
D:1:      dpeg_arrival_snail, layout_basic, hellmonk_ecumenical_altar_run_dry,
          minmay_shallow_snake_nest
D:2:      layout_basic, uniq_robin, uniq_crazy_yiuf_cottage
D:3:      layout_rooms, mainiacjoe_overflow_tiny_flanked,
          mainiacjoe_overflow_surrounded_room, st_stairs_2,
          cheibrodos_gnoll_hut, uniq_sigmund
D:4:      layout_basic, gup_sewer_entry_spiral, minmay_misc_feat_hallway,
          uniq_menkaure, uniq_duvessa, uniq_ijyb, uniq_pikel, uniq_natasha,
          uniq_grinder, uniq_blork_the_orc
D:5:      layout_basic, kennysheep_slug_shrine, mainiacjoe_overflow_boulevard,
          mainiacjoe_overflow_small_starburst, temple_fountains, uniq_eustachio,
          uniq_prince_ribbit1
D:6:      layout_basic, mainiacjoe_overflow_catwalk
D:7:      minmay_chambers_of_fours, layout_loops_ring, lemuel_tele_altar,
          tso_altar, serial_aquarium, aquarium_bridge_long_joined
          [aquarium_subvault_wall, aquarium_subvault_window,
          aquarium_subvault_window, aquarium_subvault_bridge,
          aquarium_subvault_bridge, aquarium_subvault_bridge],
          aquarium_bridge_square [aquarium_subvault_wall,
          aquarium_subvault_window, aquarium_subvault_bridge,
          aquarium_subvault_bridge], aquarium_window_corridor_3,
          aquarium_window_corner, aquarium_view_2b
D:8:      layout_loops_corners, nicolae_overflow_hidden_temple,
          lair_entry_dummy, special_room [special_room_orc], serial_shops,
          nicolae_stop_n_shop_2, minmay_strange_pillars, kennysheep_doodads,
          minmay_fractal_squares_gapless_5
D:9:      layout_basic, mainiacjoe_overflow_catch_the_wave, zombieorc2_lemuel,
          nzn_life_drinkers
D:10:     layout_cave_pods, nicolae_ashenzari_skybound,
          mainiacjoe_overflow_paths, hellmonk_guarded_unrand_cigotuvi
D:11:     layout_roguey, minmay_lindwurm_lava
D:12:     layout_roguey, serial_bayou_pond_c, pdpol_wu_jian_five_deadly_venoms
D:13:     layout_loops_ring, trog_ov_bears_minmay, uniq_kirke
D:14:     layout_small_grid, grunt_vaults_entry_fortified, minmay_liquid_box
D:15:     hangedman_depths_entry_civil_slaughter, layout_loops_cross,
          chequers_serial_rivers_micro_b
Temple:   jpeg_temple_island
Lair:1:   beast_lair_carwin_large_4, layout_regular_city, uniq_erica
Lair:2:   layout_roguey, guppyfry_snake_entry_island, serial_bayou_shore_a,
          serial_bayou_shore_b, grunt_megastairs_2
Lair:3:   layout_regular_city, grunt_megastairs_3
Lair:4:   layout_hall_layers, shoals_dummy_entry, minivault_25,
          infiniplex_staircase_pool, lemuel_fruit_fields
Lair:5:   layout_gridlike, minmay_slime_entry_oklob_enclosed
Lair:6:   cheibrodos_lair_end_hotspot, layout_regular_city, minivault_19,
          st_stairs_5, minmay_hedge_maze, chequers_serial_rivers_small_b,
          chequers_serial_rivers_room_a
Snake:1:  layout_layer_cave, special_room, serial_shops,
          nicolae_shop_statue_plus, serial_bayou_shore_b, uniq_josephine,
          uniq_aizul, uniq_agnes
Orc:1:    layout_diamond_mine
Orc:2:    st_orc_mages, layout_caves, portal_ice_cave_rime, serial_shops,
          nicolae_shop_trees, nicolae_lakefront_shop
Depths:1: layout_basic, hell_entry, rand_demon_pan_entry_8,
          hangedman_summoners_spam, minmay_shop_star, serial_bayou_shore_b
Hell

Skill      XL: |  1  2  3  4  5  6  7  8  9 10 11 12 13 14 15 16 |
---------------+-------------------------------------------------+-----
Fighting       | 4 5 7 8 11 12 | 12.1
Maces & Flails | 4 5 7 8 10 12 14 | 14.0
Armour         | 3 4 7 11 13 | 13.7
Dodging        | 5 7 10 | 10.0
Invocations    | 3 7 10 13 14 | 14.1
Shields        | 4 |  4.0
Stealth        | |  2.0

Action                   |  1- 3 |  4- 6 |  7- 9 | 10-12 | 13-15 | 16-18 || total
-------------------------+-------+-------+-------+-------+-------+-------++-------
Melee: Mace              |   125 |    45 |       |       |       |       ||   170
       Flail             |       |   117 |     9 |       |       |       ||   126
       Whip              |       |       |   283 |   795 |  1297 |       ||  2375
       Dire flail        |       |       |       |       |   560 |   458 ||  1018
Throw: Stone             |    17 |       |       |       |       |       ||    17
       Boomerang         |       |    13 |     9 |     3 |       |       ||    25
       Throwing net      |       |       |       |     1 |       |       ||     1
       Dart              |       |       |       |       |    10 |     9 ||    19
Invok: Divine Shield     |       |       |       |     2 |    19 |     3 ||    24
       Cleansing Flame   |       |       |       |       |    12 |     8 ||    20
       Brand Weapon With |       |       |       |       |     1 |       ||     1
Evoke: Wand              |       |     3 |     2 |    13 |    14 |     2 ||    34
  Use: Scroll            |     2 |     4 |       |    10 |    12 |     4 ||    32
       Potion            |       |     3 |       |       |     1 |       ||     4
 Stab: Sleeping          |     4 |     2 |     1 |       |       |       ||     7
       Paralysed         |       |    12 |     9 |     2 |       |       ||    23
Armor: Robe              |    19 |    32 |       |       |       |       ||    51
       Ring mail         |       |     2 |    19 |   121 |   141 |       ||   283
       Skin              |       |     2 |       |       |       |       ||     2
       Scale mail        |       |       |    23 |    10 |       |       ||    33
       Ice dragon scales |       |       |       |       |   196 |   126 ||   322
Dodge: Dodged            |    97 |    81 |    71 |   221 |   506 |   221 ||  1197
Block: Other             |       |    39 |    32 |    68 |   162 |   150 ||   451
       Reflection        |       |       |       |     1 |    12 |    19 ||    32
       Buckler           |       |       |       |    52 |   490 |       ||   542

Table legend: (Time is in decaauts)
 A = Elapsed time spent in this place.
 B = Non-inter-level travel time spent in this place.
 C = Inter-level travel time spent in this place.
 D = Time resting spent in this place.
 E = Time spent auto-exploring this place.
 F = Levels seen in this place.
 G = Mean time per level.
                   A        B        C        D        E       F      G
               +--------+--------+--------+--------+--------+-----+--------+
         Total |  21621 |  20355 |   1266 |   2035 |  12211 |  27 |  800.8 |
       Dungeon |  14468 |  13686 |    782 |   1537 |   8088 |  15 |  964.5 |
        Temple |     74 |     61 |     13 |      0 |     50 |   1 |   74.0 |
          Lair |   5343 |   5060 |    283 |    419 |   3346 |   6 |  890.5 |
     Snake Pit |    262 |    262 |      0 |      7 |    159 |   1 |  262.0 |
  Orcish Mines |   1272 |   1124 |    148 |     43 |    568 |   2 |  636.0 |
        Depths |    198 |    161 |     37 |     29 |      0 |   1 |  198.0 |
          Hell |      1 |      1 |      0 |      0 |      0 |   1 |    1.0 |
               +--------+--------+--------+--------+--------+-----+--------+

Top non-repeatable levels by time:
     D:1: 1773 daAuts
     D:4: 1390 daAuts
  Lair:6: 1216 daAuts
     D:9: 1151 daAuts
     D:2: 1137 daAuts
  Lair:2: 989 daAuts
    D:15: 985 daAuts
    D:14: 984 daAuts
     D:8: 969 daAuts
  Lair:1: 958 daAuts
    D:13: 954 daAuts
     D:6: 921 daAuts
     D:7: 856 daAuts
   Orc:2: 852 daAuts
    D:12: 841 daAuts
